[ AOE2 MATCH · #505857204 ]
UnrankedBerbers vs Byzantines
Player's team · WIN
Rival team · LOSS
[ REPLAY ANALYSIS · EXTRACTED FROM THE RECORDED GAME ]
Feudal
8:53
Castle
21:37
Imperial
48:01
| APM avg | 52.4 |
| APM peak | 102 |
| eAPM avg | 31.9 |
| Villagers / military | 174 / 350 |
Focus
⚔️ 51.8% · 🌾 48.2%
Scout Cavalry ×217 · Camel Archer ×62 · Knight ×56 · Skirmisher ×6 · Trebuchet (Packed) ×4 · Bombard Cannon ×3
Feudal
9:25
Castle
22:04
Imperial
49:15
| APM avg | 46.3 |
| APM peak | 102 |
| eAPM avg | 29.4 |
| Villagers / military | 426 / 370 |
Focus
⚔️ 35.4% · 🌾 64.6%
Spearman ×127 · Knight ×104 · Scout Cavalry ×93 · Monk ×30 · Camel Scout ×8 · Archer ×3
Match map
Initial resources + every placement click. Lines = walls · curves = elevation contours. ◆ gold · ⬟ stone · ● berries · ✦ relic · ◌ wall gap
Your base· ✓ Closed at 21:37 · 54t walls · no gate
Tongo's base· Open — opponent sealed themselves in
Smoothed initial terrain · ◌ = detected wall gap · hover for details
Inputs per minute
— [AirBo]空氣包 - - Tongo
Build order — [AirBo]空氣包
First 150 of 766 actions detected
| 0:01 | Queue | Villager (Male) |
| 0:01 | Queue | Villager (Male) |
| 0:02 | Build | House |
| 0:03 | Build | House |
| 0:16 | Queue | Villager (Male) |
| 0:19 | Queue | Villager (Male) |
| 1:34 | Queue | Villager (Male) |
| 1:56 | Build | Lumber Camp |
| 2:06 | Queue | Villager (Male) |
| 2:06 | Queue | Villager (Male) |
| 2:26 | Queue | Villager (Male) |
| 2:26 | Queue | Villager (Male) |
| 2:50 | Queue | Villager (Male) |
| 2:50 | Queue | Villager (Male) |
| 3:13 | Queue | Villager (Male) |
| 3:14 | Queue | Villager (Male) |
| 3:45 | Queue | Villager (Male) |
| 4:01 | Build | House |
| 4:02 | Build | House |
| 4:27 | Queue | Villager (Male) |
| 4:50 | Queue | Villager (Male) |
| 5:10 | Queue | Villager (Male) |
| 5:16 | Queue | Villager (Male) |
| 5:21 | Research | Loom |
| 6:02 | Build | Mill |
| 6:43 | Research | Feudal Age |
| 6:44 | Research | Feudal Age |
| 7:12 | Build | Barracks |
| 7:25 | Build | Palisade Wall |
| 8:13 | Queue | Villager (Male) |
| 8:53 | Age | Feudal Age |
| 8:55 | Build | Stable |
| 8:58 | Research | Double-Bit Axe |
| 9:03 | Queue | Villager (Male) |
| 9:35 | Queue | Villager (Male) |
| 9:36 | Queue | Scout Cavalry |
| 9:36 | Queue | Scout Cavalry |
| 9:49 | Build | Farm |
| 9:53 | Build | House |
| 10:21 | Build | Archery Range |
| 10:25 | Build | House |
| 10:27 | Queue | Villager (Male) |
| 10:30 | Build | Palisade Wall |
| 10:41 | Queue | Villager (Male) |
| 10:50 | Queue | Scout Cavalry |
| 11:05 | Queue | Villager (Male) |
| 11:31 | Queue | Skirmisher |
| 11:32 | Queue | Skirmisher |
| 11:38 | Build | Farm |
| 11:38 | Build | Farm |
| 11:59 | Build | Palisade Wall |
| 12:15 | Queue | Villager (Male) |
| 12:17 | Queue | Skirmisher |
| 12:21 | Build | Palisade Wall |
| 12:27 | Build | Palisade Wall |
| 12:28 | Build | Palisade Wall |
| 12:40 | Queue | Villager (Male) |
| 12:46 | Build | Farm |
| 12:53 | Queue | Skirmisher |
| 12:57 | Queue | Villager (Male) |
| 13:11 | Queue | Skirmisher |
| 13:17 | Build | Farm |
| 13:21 | Build | House |
| 13:32 | Build | Blacksmith |
| 13:35 | Queue | Villager (Male) |
| 13:38 | Research | Town Watch |
| 13:45 | Queue | Skirmisher |
| 13:47 | Build | House |
| 13:55 | Build | House |
| 14:00 | Queue | Villager (Male) |
| 14:17 | Queue | Villager (Male) |
| 14:20 | Build | Palisade Wall |
| 14:35 | Build | Farm |
| 14:36 | Build | Farm |
| 14:41 | Build | Farm |
| 14:42 | Build | Farm |
| 14:49 | Queue | Villager (Male) |
| 14:51 | Build | Farm |
| 15:02 | Build | Palisade Wall |
| 15:06 | Queue | Villager (Male) |
| 15:23 | Queue | Villager (Male) |
| 15:30 | Build | Farm |
| 15:37 | Build | Farm |
| 15:40 | Queue | Villager (Male) |
| 15:44 | Build | Mining Camp |
| 16:01 | Queue | Archer |
| 16:03 | Queue | Villager (Male) |
| 16:24 | Queue | Villager (Male) |
| 16:48 | Queue | Villager (Male) |
| 17:13 | Research | Wheelbarrow |
| 17:15 | Build | House |
| 17:16 | Build | House |
| 18:26 | Queue | Villager (Male) |
| 18:57 | Research | Castle Age |
| 19:36 | Build | Palisade Wall |
| 19:44 | Build | House |
| 19:49 | Build | Farm |
| 19:51 | Queue | Villager (Male) |
| 19:54 | Build | Stable |
| 19:56 | Research | Scale Barding Armor |
| 20:02 | Research | Forging |
| 20:11 | Build | Farm |
| 20:12 | Build | Farm |
| 20:24 | Research | Bloodlines |
| 20:41 | Build | Farm |
| 20:56 | Queue | Villager (Male) |
| 20:58 | Build | Farm |
| 21:21 | Queue | Villager (Male) |
| 21:27 | Build | Farm |
| 21:37 | Age | Castle Age |
| 21:38 | Queue | Knight |
| 21:39 | Queue | Knight |
| 21:44 | Build | Palisade Gate |
| 21:47 | Queue | Knight |
| 21:48 | Queue | Knight |
| 21:54 | Research | Chain Barding Armor |
| 21:55 | Research | Chain Barding Armor |
| 22:03 | Queue | Villager (Male) |
| 22:03 | Queue | Villager (Male) |
| 22:18 | Build | House |
| 22:28 | Build | Farm |
| 22:39 | Build | Town Center |
| 22:43 | Build | Palisade Wall |
| 22:50 | Queue | Villager (Male) |
| 22:51 | Build | Farm |
| 22:57 | Build | Farm |
| 22:58 | Build | Farm |
| 23:00 | Build | Farm |
| 23:00 | Queue | Villager (Male) |
| 23:01 | Queue | Knight |
| 23:02 | Queue | Knight |
| 23:17 | Queue | Knight |
| 23:17 | Queue | Knight |
| 23:20 | Build | Farm |
| 23:45 | Queue | Knight |
| 23:45 | Queue | Knight |
| 24:05 | Queue | Knight |
| 24:09 | Queue | Knight |
| 24:12 | Queue | Villager (Male) |
| 24:23 | Research | Husbandry |
| 24:28 | Build | Monastery |
| 24:35 | Queue | Knight |
| 24:35 | Queue | Knight |
| 24:37 | Build | Farm |
| 24:38 | Build | Farm |
| 24:46 | Queue | Villager (Male) |
| 24:54 | Build | Farm |
| 24:59 | Queue | Knight |
| 25:09 | Queue | Villager (Male) |
| 25:21 | Queue | Knight |
Build order — Tongo
First 150 of 1089 actions detected
| 0:01 | Queue | Villager (Male) |
| 0:02 | Build | House |
| 0:04 | Build | House |
| 0:20 | Queue | Villager (Male) |
| 0:20 | Queue | Villager (Male) |
| 0:25 | Queue | Villager (Male) |
| 1:32 | Queue | Villager (Male) |
| 1:32 | Queue | Villager (Male) |
| 2:00 | Queue | Villager (Male) |
| 2:00 | Queue | Villager (Male) |
| 2:01 | Queue | Villager (Male) |
| 2:37 | Queue | Villager (Male) |
| 2:37 | Queue | Villager (Male) |
| 2:46 | Build | Lumber Camp |
| 2:54 | Queue | Villager (Male) |
| 2:55 | Queue | Villager (Male) |
| 3:26 | Build | House |
| 3:30 | Queue | Villager (Male) |
| 3:30 | Queue | Villager (Male) |
| 3:54 | Queue | Villager (Male) |
| 3:54 | Queue | Villager (Male) |
| 3:54 | Queue | Villager (Male) |
| 3:55 | Queue | Villager (Male) |
| 4:25 | Queue | Villager (Male) |
| 4:35 | Queue | Villager (Male) |
| 4:35 | Queue | Villager (Male) |
| 4:57 | Queue | Villager (Male) |
| 4:57 | Queue | Villager (Male) |
| 5:28 | Build | Lumber Camp |
| 5:48 | Queue | Villager (Male) |
| 6:14 | Build | Mill |
| 6:20 | Research | Loom |
| 7:15 | Research | Feudal Age |
| 7:15 | Research | Feudal Age |
| 7:15 | Research | Feudal Age |
| 8:14 | Build | Barracks |
| 8:26 | Queue | Villager (Male) |
| 8:32 | Build | House |
| 8:39 | Build | House |
| 9:25 | Age | Feudal Age |
| 9:26 | Queue | Spearman |
| 9:28 | Build | Archery Range |
| 9:32 | Research | Double-Bit Axe |
| 9:37 | Queue | Villager (Male) |
| 9:48 | Queue | Spearman |
| 9:56 | Queue | Villager (Male) |
| 10:25 | Queue | Spearman |
| 10:32 | Build | House |
| 10:32 | Queue | Archer |
| 10:35 | Queue | Villager (Male) |
| 10:43 | Build | Stable |
| 10:53 | Build | House |
| 11:01 | Queue | Spearman |
| 11:06 | Queue | Villager (Male) |
| 11:11 | Build | Palisade Wall |
| 11:12 | Build | Palisade Wall |
| 11:29 | Queue | Villager (Male) |
| 11:32 | Research | Horse Collar |
| 11:46 | Build | Farm |
| 11:47 | Build | Farm |
| 11:49 | Queue | Scout Cavalry |
| 11:55 | Build | Palisade Wall |
| 12:19 | Build | Mining Camp |
| 12:23 | Build | House |
| 12:26 | Build | Palisade Wall |
| 12:27 | Build | Palisade Wall |
| 12:33 | Build | Farm |
| 12:34 | Build | Farm |
| 12:35 | Build | Farm |
| 12:36 | Queue | Villager (Male) |
| 12:43 | Build | Watch Tower |
| 12:48 | Queue | Villager (Male) |
| 13:08 | Build | Farm |
| 13:10 | Build | Farm |
| 13:13 | Build | Palisade Wall |
| 13:14 | Build | Palisade Wall |
| 13:15 | Build | Palisade Wall |
| 13:22 | Queue | Villager (Male) |
| 13:25 | Build | Farm |
| 13:45 | Queue | Villager (Male) |
| 13:47 | Build | Farm |
| 14:02 | Queue | Scout Cavalry |
| 14:24 | Queue | Villager (Male) |
| 14:25 | Build | Farm |
| 14:26 | Build | Farm |
| 14:31 | Build | Palisade Wall |
| 14:31 | Build | Palisade Wall |
| 14:32 | Build | Palisade Wall |
| 14:32 | Build | Palisade Wall |
| 14:33 | Build | Palisade Wall |
| 14:36 | Queue | Villager (Male) |
| 14:41 | Build | Mining Camp |
| 14:42 | Queue | Villager (Male) |
| 14:51 | Queue | Villager (Male) |
| 15:01 | Queue | Scout Cavalry |
| 15:07 | Build | Blacksmith |
| 15:14 | Build | Palisade Wall |
| 15:17 | Build | Palisade Wall |
| 15:24 | Queue | Villager (Male) |
| 15:30 | Queue | Villager (Male) |
| 15:31 | Build | Farm |
| 15:38 | Build | House |
| 15:40 | Queue | Villager (Male) |
| 15:56 | Queue | Archer |
| 15:56 | Queue | Archer |
| 15:57 | Queue | Villager (Male) |
| 16:10 | Research | Wheelbarrow |
| 16:19 | Build | Farm |
| 16:54 | Build | House |
| 17:03 | Build | Watch Tower |
| 17:17 | Queue | Villager (Male) |
| 17:23 | Build | House |
| 17:44 | Build | Palisade Wall |
| 17:49 | Build | Palisade Wall |
| 17:58 | Queue | Villager (Male) |
| 18:00 | Build | Farm |
| 18:13 | Build | Palisade Wall |
| 18:41 | Queue | Villager (Male) |
| 18:43 | Build | Farm |
| 19:24 | Research | Castle Age |
| 19:24 | Research | Castle Age |
| 19:31 | Build | House |
| 19:45 | Research | Gold Mining |
| 19:45 | Research | Gold Mining |
| 20:04 | Queue | Spearman |
| 20:44 | Build | Watch Tower |
| 20:57 | Build | House |
| 21:34 | Build | Palisade Wall |
| 21:34 | Build | Palisade Wall |
| 21:35 | Build | Palisade Wall |
| 21:41 | Research | Scale Barding Armor |
| 21:41 | Research | Scale Barding Armor |
| 22:04 | Age | Castle Age |
| 22:05 | Queue | Knight |
| 22:09 | Research | Bow Saw |
| 22:10 | Research | Heavy Plow |
| 22:13 | Queue | Villager (Male) |
| 22:22 | Build | Monastery |
| 22:23 | Queue | Villager (Male) |
| 22:38 | Build | Town Center |
| 22:40 | Build | Palisade Wall |
| 22:41 | Queue | Villager (Male) |
| 22:49 | Build | Palisade Wall |
| 22:51 | Build | Palisade Wall |
| 22:53 | Build | Palisade Wall |
| 22:54 | Build | Palisade Wall |
| 22:59 | Queue | Knight |
| 23:07 | Build | House |
| 23:11 | Queue | Knight |
| 23:18 | Build | Palisade Wall |
Match timeline
| 7:12 | [AirBo]空氣包 · first_building Barracks |
| 7:25 | [AirBo]空氣包 · wall_segment Palisade Wall x8 |
| 8:14 | Tongo · first_building Barracks |
| 8:53 | [AirBo]空氣包 · age_up feudal |
| 8:55 | [AirBo]空氣包 · first_building Stable |
| 9:25 | Tongo · age_up feudal |
| 9:28 | Tongo · first_building Archery Range |
| 10:21 | [AirBo]空氣包 · first_building Archery Range |
| 10:30 | [AirBo]空氣包 · wall_segment Palisade Wall x11 |
| 10:43 | Tongo · first_building Stable |
| 11:11 | Tongo · wall_segment Palisade Wall x3 |
| 11:12 | Tongo · wall_segment Palisade Wall x2 |
| 11:55 | Tongo · wall_segment Palisade Wall x1 |
| 11:59 | [AirBo]空氣包 · wall_segment Palisade Wall x5 |
| 12:21 | [AirBo]空氣包 · wall_segment Palisade Wall x9 |
| 12:26 | Tongo · wall_segment Palisade Wall x1 |
| 12:27 | [AirBo]空氣包 · wall_segment Palisade Wall x1 |
| 12:27 | Tongo · wall_segment Palisade Wall x4 |
| 12:28 | [AirBo]空氣包 · wall_segment Palisade Wall x1 |
| 13:13 | Tongo · wall_segment Palisade Wall x1 |
| 13:14 | Tongo · wall_segment Palisade Wall x1 |
| 13:15 | Tongo · wall_segment Palisade Wall x1 |
| 14:20 | [AirBo]空氣包 · wall_segment Palisade Wall x8 |
| 14:31 | Tongo · wall_segment Palisade Wall x1 |
| 14:31 | Tongo · wall_segment Palisade Wall x1 |
| 14:32 | Tongo · wall_segment Palisade Wall x1 |
| 14:32 | Tongo · wall_segment Palisade Wall x1 |
| 14:33 | Tongo · wall_segment Palisade Wall x1 |
| 15:02 | [AirBo]空氣包 · wall_segment Palisade Wall x10 |
| 15:14 | Tongo · wall_segment Palisade Wall x1 |
| 15:17 | Tongo · wall_segment Palisade Wall x1 |
| 17:44 | Tongo · wall_segment Palisade Wall x1 |
| 17:49 | Tongo · wall_segment Palisade Wall x1 |
| 18:13 | Tongo · wall_segment Palisade Wall x1 |
| 19:36 | [AirBo]空氣包 · wall_segment Palisade Wall x1 |
| 21:34 | Tongo · wall_segment Palisade Wall x1 |
| 21:34 | Tongo · wall_segment Palisade Wall x1 |
| 21:35 | Tongo · wall_segment Palisade Wall x1 |
| 21:37 | [AirBo]空氣包 · age_up castle |
| 22:04 | Tongo · age_up castle |
| 22:22 | Tongo · first_building Monastery |
| 22:40 | Tongo · wall_segment Palisade Wall x1 |
| 22:43 | [AirBo]空氣包 · wall_segment Palisade Wall x1 |
| 22:49 | Tongo · wall_segment Palisade Wall x1 |
| 22:51 | Tongo · wall_segment Palisade Wall x1 |
| 22:53 | Tongo · wall_segment Palisade Wall x1 |
| 22:54 | Tongo · wall_segment Palisade Wall x1 |
| 23:18 | Tongo · wall_segment Palisade Wall x1 |
| 23:19 | Tongo · wall_segment Palisade Wall x1 |
| 23:20 | Tongo · wall_segment Palisade Wall x1 |
| 23:20 | Tongo · wall_segment Palisade Wall x1 |
| 23:21 | Tongo · wall_segment Palisade Wall x1 |
| 23:38 | Tongo · wall_segment Palisade Wall x1 |
| 23:57 | Tongo · wall_segment Palisade Wall x1 |
| 24:28 | [AirBo]空氣包 · first_building Monastery |
| 25:40 | [AirBo]空氣包 · wall_segment Palisade Wall x1 |
| 26:50 | Tongo · wall_segment Palisade Wall x1 |
| 26:52 | Tongo · wall_segment Palisade Wall x1 |
| 27:26 | Tongo · wall_segment Palisade Wall x1 |
| 28:44 | [AirBo]空氣包 · wall_segment Palisade Wall x1 |
| 28:49 | [AirBo]空氣包 · wall_segment Palisade Wall x1 |
| 29:14 | Tongo · wall_segment Palisade Wall x1 |
| 29:17 | Tongo · wall_segment Palisade Wall x1 |
| 29:18 | Tongo · wall_segment Palisade Wall x1 |
| 29:53 | Tongo · wall_segment Palisade Wall x1 |
| 32:35 | [AirBo]空氣包 · wall_segment Palisade Wall x1 |
| 32:44 | [AirBo]空氣包 · wall_segment Palisade Wall x1 |
| 35:37 | [AirBo]空氣包 · first_building Castle |
| 37:23 | Tongo · first_building Siege Workshop |
| 41:12 | Tongo · wall_segment Palisade Wall x1 |
| 41:13 | Tongo · wall_segment Palisade Wall x1 |
| 41:15 | Tongo · wall_segment Palisade Wall x1 |
| 41:44 | Tongo · wall_segment Palisade Wall x1 |
| 41:49 | Tongo · first_building Castle |
| 42:07 | [AirBo]空氣包 · first_market_sell 100 wood |
| 47:42 | [AirBo]空氣包 · first_market_buy 100 stone |
| 48:01 | [AirBo]空氣包 · age_up imperial |
| 49:15 | Tongo · age_up imperial |
| 49:33 | Tongo · first_market_sell 100 wood |
| 63:30 | [AirBo]空氣包 · first_building Siege Workshop |
| 66:13 | Tongo · resign |
[ AI ANALYSIS · 1 CREDIT ]
What really happened in this match?
Wolo.gg analyzes every decision: build order, eco, micro, common mistakes by bracket. Personalized analysis on WhatsApp or Discord in 30 seconds.
Civ guide
Berbers
Perfil
Jugador #9776082